 Dungeon Crawl Stone Soup version 0.21.1-1-g345015f (webtiles) character file.

105 inc the Chiller (level 4, 18/18 HPs)
             Began as a Felid Ice Elementalist on Feb 26, 2018.
             Quit the game on level 4 of the Dungeon.
             The game lasted 00:06:25 (3559 turns).

inc the Chiller (Felid Ice Elementalist)            Turns: 3559, Time: 00:06:26

Health: 18/18      AC:  1    Str:  4    XL:     4   Next: 53%
Magic:  8/8        EV: 18    Int: 18    God:
Gold:   114        SH:  0    Dex: 16    Spells: 3/7 levels left
                                        Lives:  0   Deaths: 1

rFire    . . .     SeeInvis +   (weapon unavailable)
rCold    . . .     Gourm    .   (shield unavailable)
rNeg     . . .     Faith    .   (armour unavailable)
rPois    .         Spirit   .   (helmet unavailable)
rElec    .         Reflect  .   (cloak unavailable)
rCorr    .         Harm     .   (gloves unavailable)
MR       .....                  (boots unavailable)
Stlth    +++.......             (no amulet)
HPRegen  0.06/turn              (no ring)
MPRegen  0.11/turn              (no ring)

@: quick
A: very small, no armour, no weapons or thrown items, stealth, claws 1, fangs 3,
see invisible, carnivore, speed 1, shaggy fur 1, slow metabolism 1, sharp paws
a: no special abilities


You were on level 4 of the Dungeon.
You were not hungry.

You visited 1 branch of the dungeon, and saw 5 of its levels.

You collected 114 gold pieces.

Inventory:

Jewellery
 h - a +2 ring of slaying {unknown}
 i - an uncursed ring of stealth {unknown}
Scrolls
 c - 4 scrolls of identify {unknown}
 d - 3 scrolls of enchant armour {unknown}
 g - 2 scrolls of magic mapping {unknown}
 j - 2 scrolls of enchant weapon {unknown}
 k - 3 scrolls of immolation {unknown}
 n - a scroll of teleportation {unknown}
 p - a scroll of amnesia {unknown}
Potions
 e - a potion of lignification {unknown}
 f - 2 potions of agility
 l - a potion of degeneration {unknown}
 m - a potion of heal wounds {unknown}
 o - a potion of invisibility {unknown}
 q - a potion of flight {unknown}
Books
 a - a book of Frost

   Spells                             Type                      Level
   a - Freeze                         Ice                          1
   b - Throw Frost                    Conjuration/Ice              2
   c - Ozocubu's Armour               Charms/Ice                   3
   d - Throw Icicle                   Conjuration/Ice              4
   e - Summon Ice Beast               Ice/Summoning                4
Comestibles
 b - 10 rations


   Skills:
 - Level 2.6 Dodging
 - Level 2.6 Stealth
 - Level 2.0 Spellcasting
   Level 0.8 Conjurations
 + Level 3.4 Charms
 - Level 5.0 Ice Magic


You had 3 spell levels left.
You knew the following spells:

 Your Spells              Type           Power        Failure   Level  Hunger
a - Freeze                Ice            ###.         2%          1    #......
b - Ozocubu's Armour      Chrm/Ice       ###.....     10%         3    ###....


Dungeon Overview and Level Annotations

Branches:
Dungeon (5/15)
 Temple: D:4-7

Altars:
Makhleb

Annotations:
D:2 Robin, Sigmund
D:3 shakethe's ghost, amateur DsGl


Innate Abilities, Weirdness & Mutations

You cannot wear armour.
You are incapable of wielding weapons or throwing items.
Your paws allow you to move quietly. (Stealth)
You have sharp claws.
You have razor-sharp teeth.
You have supernaturally acute eyesight. (SInv)
You are carnivorous and can eat meat at any time.
You cover ground quickly.
You are covered in fur. (AC +1)
You have a slow metabolism.
Your sharp claws are effective at attacking unaware monsters.


Message History

Press: ? - help, Shift-Dir - straight line, f - orc priest
Aim: an orc priest, wielding a whip of venom and wearing a chain mail You freeze the orc priest.
The orc priest is moderately wounded.
You feel sick.
The orc priest hits you with a whip of venom.
You are lethally poisoned!
The orc wizard hits you with a dagger.
* * * LOW HITPOINT WARNING * * *
It was a potion of agility.
You feel agile all of a sudden.
* * * LOW HITPOINT WARNING * * *
You feel sick. The orc priest completely misses you.
The orc wizard points at you and mumbles some strange words.
The puff of frost hits you!
You die...
You are now level 4!
You rejoin the land of the living...
Unknown command.
Are you sure you want to abandon this character and quit the game? (Confirm with "yes".)

##.#.....#.........#
##.#..###.....#####
##.#.# #.....######
#.#># ###.........
#.#.# #.########
#.#.#####.########
#.#.#.............
#.#.#.###.#####.##
#@#.#.# #.# #.#
#.#.#.###.# #.#
#.#.......# #.#
#.###.##### #.# #.#
#.# #.#
#.###.#########.#
#............##.#
#####.######.##.##
#.............


There were no monsters in sight!

Vanquished Creatures
  A hound (D:4)
  2 worker ants (D:4)
  A gnoll (D:1)
  3 adders
  2 adder skeletons (D:4)
  A worm (D:4)
  2 dart slugs
  5 leopard geckos
  3 orcs
  2 ball pythons
  A bat (D:3)
  4 giant cockroaches
  11 goblins
  7 hobgoblins
  7 jackals
  2 quokkas
  4 frilled lizards
  4 kobolds
  4 rats
66 creatures vanquished.

Notes
Turn   | Place    | Note
-------+----------+-------------------------------------------
     0 | D:1      | inc the Felid Ice Elementalist began the quest for the Orb.
     0 | D:1      | Reached XP level 1. HP: 7/7 MP: 4/4
   107 | D:1      | Reached skill level 3 in Ice Magic
   387 | D:1      | Reached XP level 2. HP: 11/11 MP: 0/6
   779 | D:1      | Reached XP level 3. HP: 14/14 MP: 7/7
  1281 | D:2      | Reached skill level 4 in Ice Magic
  1609 | D:2      | Noticed Robin
  1610 | D:2      | Noticed Sigmund
  1640 | D:3      | Reached XP level 4. HP: 18/18 MP: 4/8
  1665 | D:3      | Noticed shakethe's ghost (amateur DsGl)
  2446 | D:4      | Reached skill level 5 in Ice Magic
  2659 | D:4      | Noticed an ice beast
  2678 | D:3      | Learned a level 3 spell: Ozocubu's Armour
  2873 | D:4      | Reached XP level 5. HP: 21/21 MP: 4/9
  3040 | D:4      | Found a burning altar of Makhleb.
  3487 | D:4      | Noticed a phantom
  3548 | D:5      | Entered Level 5 of the Dungeon
  3558 | D:4      | Killed from afar by an orc wizard
  3559 | D:4      | Reached XP level 4. HP: -5/18 MP: 7/8
  3559 | D:4      | Quit the game

Skill      XL: |  1  2  3  4  5 |
---------------+----------------+-----
Ice Magic      | 3 4 5 |  5.0
Charms         | 2 3 |  3.4
Dodging        | |  2.6
Stealth        | |  2.6
Spellcasting   | |  2.0
Conjurations   | |  0.8

Action                   |  1- 3 |  4- 6 || total
-------------------------+-------+-------++-------
Melee: Unarmed           |    10 |    32 ||    42
       Bite              |       |     3 ||     3
 Cast: Freeze            |    51 |    57 ||   108
  Use: Potion            |       |     1 ||     1
 Stab: Sleeping          |     5 |    10 ||    15
  Eat: Chunk             |     3 |     6 ||     9
Armor: Skin              |     2 |     2 ||     4
Dodge: Dodged            |    34 |    63 ||    97
